[Event "*** Titled Tuesday Blitz"]
[Site "Chess.com"]
[Date "2020.05.19"]
[Round "6"]
[White "Witik"]
[Black "Titus369"]
[Result "0-1"]
[WhiteElo "2625"]
[BlackElo "2509"]
[TimeControl "180+1"]
[EndTime "13:10:43 PDT"]
[Termination "Titus369 won on time"]

1. d4 d5 2. c4 e6 3. Nf3 Nf6 4. Nc3 Be7 5. Bf4 O-O 6. e3 Nbd7 7. Rc1 c5 8. cxd5 Nxd5 9. Bg3 cxd4 10. exd4 N7f6 11.
Bd3 a6 12. O-O b5 13. Ne4 Nxe4 14. Bxe4 Bb7 15. Ne5 Rc8 16. h3 Rxc1 17. Qxc1 f5 18. Bf3 f4 19. Bh2 Qd6 20. Re1 g5 21. Qd1 Bf6 22.
Be4 Bxe5 23. dxe5 Qe7 24. Qh5 Bc6 25. Rc1 Be8 26. Qf3 Nb6 27. h4 Nc4 28. hxg5 Nxe5 29. Qh3 Bg6 30. Re1 Qxg5 31. Qxe6+ Bf7 32. Qxa6 f3 33.
Bg3 fxg2 34. Bxg2 Ng6 35. a3 h5 36. Qd6 h4 37. Re5 Nxe5 38. Qxe5 Qxe5 39. Bxe5 Re8 40. Bc3 Rd8 41. Bf3 Bd5 42. Bg4 Kf7 43. f3 Rg8 44. Kh2 Be6 45. Kh3 Bxg4+ 46. fxg4 Kg6 47. Kxh4 Re8 48. Kg3 Re2 49. Kf4 Re8 50. g5 Re2 51.
Bf6 Rf2+ 52. Ke3 Rc2 53. Kd3 Rc8 54. Kd4 Rc4+ 55. Kd3 Rc6 56. b3 Ra6 57. Kd4 Rxa3 58. b4 Ra8 59. Kc5 Rb8 60. Kc6 Ra8 61. Kxb5 Rb8+ 62.
Kc5 Rc8+ 63. Kb6 Rb8+ 64. Ka5 Ra8+ 65. Kb5 Rb8+ 66. Kc4 Kf5 67. b5 Ke6 68. Kc5 Rc8+ 69. Kb4 Rb8 70. Ka5 Kd5 0-1

[Event "*** Titled Tuesday Blitz"]
[Site "Chess.com"]
[Date "2020.05.19"]
[Round "6"]
[White "chessplayer9919"]
[Black "velemajstor767276"]
[Result "1/2-1/2"]
[WhiteElo "2500"]
[BlackElo "2631"]
[TimeControl "180+1"]
[EndTime "13:10:45 PDT"]
[Termination "Game drawn by repetition"]

1. d4 Nf6 2. c4 e6 3. Nf3 Bb4+ 4.
Bd2 a5 5. g3 b6 6. Bg2 Bb7 7. O-O O-O 8. a3 Bxd2 9. Nbxd2 a4 10.
Qc2 d6 11. e4 Nbd7 12. Rfe1 e5 13. Rad1 Qe7 14. Nf1 g6 15. N1d2 Rfe8 16. d5 Nc5 17. Nb1 Bc8 18. Nc3 Bg4 19. Nd2 Bxd1 20. Rxd1 Rf8 21.
Nf1 Nh5 22. Ne3 Ng7 23. Bh3 f5 24. exf5 gxf5 25. Nxf5 Nxf5 26. Bxf5 Rf6 27. g4 Kh8 28. Kh1 Rf7 29. f3 Qh4 30. Qg2 Rg8 31. Qg3 Qe7 32. Qf2 Nb3 33. Be6 Rgf8 34. Bxf7 Qxf7 35. Kg2 Nd4 36. Rxd4 exd4 37. Qxd4+ Qg7 38. Qxg7+ Kxg7 39. Nxa4 Rf4 40. b3 Rd4 41. Nc3 Rd3 42. Nb5 Rxb3 43.
Nxc7 Rc3 44. Ne8+ Kg6 45. Nxd6 Rxa3 46. Kg3 Kf6 47. c5 bxc5 48. Ne4+ Ke5 49. Nxc5 Kxd5 50. Ne4 Ke5 51. h4 h6 52. Nd2 Rc3 53. Ne4 Ra3 54. Nf2 Kd4 55. Ne4 Ke3 56. Nd6 Ke2 57.
Nf5 Rxf3+ 58. Kg2 Rf2+ 59. Kg3 Rf3+ 60. Kg2 Rf2+ 61. Kh3 h5 62. Ng3+ Kf3 63. Nxh5 Rg2 64. g5 Rg1 65. Kh2 Rg2+ 66. Kh3 Rg1 67. Kh2 Rg2+ 68.
Kh3 1/2-1/2

[Event "*** Titled Tuesday Blitz"]
[Site "Chess.com"]
[Date "2020.05.19"]
[Round "6"]
[White "cassoulet"]
[Black "Shield12"]
[Result "0-1"]
[WhiteElo "2645"]
[BlackElo "2826"]
[TimeControl "180+1"]
[EndTime "13:10:46 PDT"]
[Termination "Shield12 won by resignation"]

1. e4 c5 2. Nf3 Nc6 3. Bb5 Nf6 4.
Nc3 g6 5. O-O Bg7 6. e5 Ng4 7.
Bxc6 dxc6 8. Re1 Nh6 9. d3 Nf5 10. Ne4 b6 11. Nf6+ Kf8 12. Ne4 h6 13. h3 Kg8 14. a4 a5 15. b3 Nd4 16. Bb2 Nxf3+ 17. Qxf3 Be6 18. Nd2 Qd5 19. Qg3 Kh7 20. Nc4 Rab8 21. Ne3 Qd7 22. f4 h5 23. Rf1 Bh6 24.
Rae1 Rhg8 25. Kh1 b5 26. Ra1 Ra8 27. Bc3 c4 28. dxc4 bxc4 29. bxc4 Bf5 30. Qf2 Be4 31. Kh2 Qe6 32. Rae1 Rad8 33. Re2 Rd7 34. g4 hxg4 35. hxg4 Rh8 36. Kg3 f5 37. Qg1 Kg8 38.
Rh2 Bg7 39. Rxh8+ Bxh8 40. gxf5 gxf5 41. Kf2+ Bg7 42. Qg5 Qh6 43. Qxh6 Bxh6 44. Ke2 e6 45. Rf2 Rb7 46. Kd2 Rb1 47. Bxa5 Ra1 48. Bc7 Rxa4 49. Bd6 Ra1 50. Kc3 Rh1 51. Kd4 Rh4 52. Ng2 Rg4 53.
Ne3 Rxf4 54. Rh2 Bg5 55. Rh5 Bd8 56. Kc5 Rf3 57. Nd1 Bxc2 58. Nb2 Be4 59. Rh6 Kg7 60.
Rh2 Rb3 61. Na4 f4 62. Bb8 Rxb8 63. Kd6 Bf5 64. Nc5 Kf7 65. Nd7 Be7+ 66. Kxc6 Rc8+ 67. Kb7 Rxc4 68. Rh8 Be4+ 69. Kb6 f3 70. Nf6 Bxf6 71. exf6 Kxf6 72. Rf8+ Ke5 73. Kb5 Rc1 74. Kb4 Bf5 0-1

[Event "*** Titled Tuesday Blitz"]
[Site "Chess.com"]
[Date "2020.05.19"]
[Round "6"]
[White "Lion-Al-Messi"]
[Black "zaur-mammadov"]
[Result "1/2-1/2"]
[WhiteElo "2331"]
[BlackElo "2547"]
[TimeControl "180+1"]
[EndTime "13:10:47 PDT"]
[Termination "Game drawn by repetition"]

1. e4 e6 2. d4 d5 3. exd5 exd5 4. Bd3 Nc6 5. c3 Bd6 6. Nf3 Bg4 7. O-O Nge7 8.
Nbd2 Qd7 9. b4 O-O 10. a4 Rae8 11. b5 Nd8 12. Ba3 Ne6 13. Bxd6 Qxd6 14. h3 Bh5 15. g4 Bg6 16. Ne5 Nf4 17. Qf3 Nxd3 18. Nxd3 Bxd3 19. Qxd3 Ng6 20. Rae1 Nf4 21. Qf3 Qh6 22. Kh2 Nxh3 23. Qxh3 Qxd2 24. Rxe8 Rxe8 25. Kg2 h6 26. Qf3 c6 27.
bxc6 bxc6 28. Rb1 a5 29. Rb7 Rf8 30. Ra7 Qb2 31. Rxa5 Qb6 32. Rc5 Re8 33. a5 Qa6 34. c4 Re1 35. Kh2 Re6 36. cxd5 Rf6 37. Qe3 Qf1 38. Rc2 cxd5 39. Re2 g6 40. Qe8+ Kh7 41.
Qe3 g5 42. Ra2 Rf4 43. Qe2 Qb1 44. Qc2+ Qxc2 45. Rxc2 Rxd4 46. Ra2 Rc4 47. a6 Rc8 48. a7 Ra8 49. Ra6 Kg7 50. Kg3 d4 51. Kf3 f5 52.
gxf5 h5 53. Ke4 h4 54. Kxd4 h3 55. Rg6+ Kh7 56. Rxg5 Rxa7 57. Rh5+ Kg7 58. Rxh3 Kf6 59. Rf3 Ra4+ 60. Kd5 Ra5+ 61. Ke4 Ra4+ 62. Kd5 Ra5+ 63.
Ke4 Ra4+ 64. Ke3 Ra3+ 65. Kf4 Ra4+ 66. Kg3 Rb4 67. Kg2 Rg4+ 68. Kh3 Ra4 69. Kg3 Rb4 70. Rf4 Rb3+ 71. f3 Rb1 72. Kf2 Ke5 73. Ra4 Kxf5 74.
Kg3 Rg1+ 75. Kf2 Rb1 76. Kg3 Rg1+ 77. Kf2 Rb1 1/2-1/2

[Event "*** Titled Tuesday Blitz"]
[Site "Chess.com"]
[Date "2020.05.19"]
[Round "6"]
[White "mbachez"]
[Black "GMStefanova"]
[Result "0-1"]
[WhiteElo "2486"]
[BlackElo "2633"]
[TimeControl "180+1"]
[EndTime "13:10:49 PDT"]
[Termination "GMStefanova won on time"]

1. e4 e5 2. Nf3 Nc6 3. Bb5 a6 4. Ba4 g6 5. O-O Bg7 6. Re1 Nge7 7. c3 O-O 8. d4 b5 9. Bb3 d6 10. h3 Bb7 11. Bg5 h6 12. Be3 Kh7 13. Nbd2 f5 14. exf5 Nxf5 15. Bd5 Nxe3 16. fxe3 Na5 17. Bxb7 Nxb7 18.
Qc2 Qe7 19. a4 Na5 20. axb5 axb5 21. Qe4 Qe6 22. b4 d5 23. Qh4 Bf6 24. Qg3 Nc6 25.
Nb3 Qd6 26. Nc5 exd4 27. Qxd6 cxd6 28. Nd7 Kg7 29. Nxf8 Rxf8 30. exd4 Rc8 31. Re3 Ne7 32. Ra7 Kf8 33. Re6 Kf7 34. Re3 Kf8 35. Rb7 Nf5 36.
Rd3 g5 37. g4 Ne7 38. Rxb5 Ng6 39. Nd2 Nf4 40. Rf3 h5 41. gxh5 Kg7 42. Rb6 Rh8 43.
Rxd6 Rxh5 44. b5 Rh8 45. b6 Nxh3+ 46. Kf1 Nf4 47. Rg3 Rh1+ 48. Rg1 Rh2 49. Nf3 Rb2 50. Rd7+ Kg6 51. b7 Rb1+ 52. Kf2 Rb2+ 53. Ke1 Rb1+ 54.
Kd2 Rb2+ 55. Kd1 Nd3 56. Ne5+ Bxe5 57. Rg2 Rxg2 58. dxe5 Rb2 59. e6 Nc5 60. Rc7 Nxe6 61. Rc6 Rxb7 62. Rxe6+ Kf5 63. Rd6 Ke4 64. Re6+ Kd3 65.
Kc1 Kxc3 66. Re5 d4 67. Rxg5 d3 68. Rg3 Kd4 69. Rg8 Kc3 0-1

[Event "*** Titled Tuesday Blitz"]
[Site "Chess.com"]
[Date "2020.05.19"]
[Round "6"]
[White "RubensCezila"]
[Black "lili_ani"]
[Result "1-0"]
[WhiteElo "2468"]
[BlackElo "2568"]
[TimeControl "180+1"]
[EndTime "13:10:50 PDT"]
[Termination "RubensCezila won by checkmate"]

1. c4 e5 2. Nc3 Nf6 3. d3 Bb4 4. Bd2 a5 5. Nf3 d6 6. g3 O-O 7. Bg2 Nc6 8. O-O h6 9. Rc1 Be6 10. a3 Bc5 11. Na4 Ba7 12. b4 axb4 13.
axb4 Qd7 14. b5 Ne7 15. b6 Bxb6 16. Nxb6 cxb6 17. Qb3 Ra6 18. Be3 Rfa8 19. Bxb6 Nc6 20.
Qb1 d5 21. cxd5 Nxd5 22. Bc5 f6 23. Nd2 Ra2 24. Rc2 Rxc2 25. Qxc2 Bh3 26. Bxh3 Qxh3 27. Qb3 Qe6 28. e4 Nc7 29. Qxb7 Qd7 30. Qb3+ Ne6 31.
Nf3 Kh7 32. Be3 Rb8 33. Qd5 Rd8 34. Qxd7 Rxd7 35. Rd1 g5 36. h3 h5 37. Kf1 Kg6 38.
Ke2 Rd8 39. Rc1 Nb4 40. Rc3 Rd7 41. Rb3 Nc6 42. Rb6 Rd6 43. Kd2 Ned8 44. Bc5 Rd7 45. Ke3 Rb7 46. Rxb7 Nxb7 47. d4 exd4+ 48. Bxd4 Nd6 49.
Kd3 g4 50. hxg4 hxg4 51. Nh2 Kh5 52. Bxf6 Nf7 53. Ke3 Nd6 54. Kf4 Ne8 55. Nxg4 Kg6 56. e5 Nd4 57. Ke4 Ne6 58. f4 Nc5+ 59. Kd5 Nd3 60. Ke6 Nc5+ 61. Ke7 Nc7 62. Ne3 Ne4 63. f5+ Kh7 64. g4 Nb5 65. g5 Nd4 66. g6+ Kh6 67. g7 Kh7 68. Kf7 Nc6 69. g8=Q+ Kh6 70. Qg6# 1-0

[Event "*** Titled Tuesday Blitz"]
[Site "Chess.com"]
[Date "2020.05.19"]
[Round "6"]
[White "chessdjw"]
[Black "YQPerez"]
[Result "1/2-1/2"]
[WhiteElo "2716"]
[BlackElo "2933"]
[TimeControl "180+1"]
[EndTime "13:10:53 PDT"]
[Termination "Game drawn by agreement"]

1. e4 e5 2. Nf3 Nc6 3. Bb5 a6 4. Ba4 Nf6 5. d3 b5 6. Bb3 Be7 7. a4 Bb7 8. c3 O-O 9. O-O d6 10.
Bc2 Re8 11. Nbd2 Bf8 12. b4 Ne7 13. Nb3 Nc6 14. Re1 h6 15. Bd2 g6 16. h3 Kh7 17.
Qe2 Bg7 18. Ra2 Rb8 19. axb5 axb5 20. Rea1 Bc8 21. Be3 Be6 22. Ra6 Qd7 23. Qd2 Nh5 24.
d4 Bc4 25. d5 Ne7 26. Na5 f5 27.
exf5 gxf5 28. Nxc4 bxc4 29. Ba4 Qc8 30. Bxe8 Qxe8 31.
Qc2 e4 32. Nd4 Qf7 33. Ra7 Nxd5 34. Qe2 Nxc3 35. Qc2 Bxd4 36. Bxd4 Nb5 37. Bc3 Nxa7 38. Rxa7 Rg8 39. Qd1 Nf4 40. Kf1 Rxg2 41. Qxd6 cxd6 42. Rxf7+ Kg8 43. Rxf5 Rh2 44. Rxf4 Rxh3 45. Be1 d5 46. Rf5 Rd3 47. Ke2 c3 48. b5 c2 49. Bd2 Rc3 50.
Bc1 Rc5 51. b6 Rb5 52. b7 Rxb7 53. Rxd5 Rb1 54. Kd2 Rb3 55. Kxc2 Rf3 56. Be3 Rh3 57. Re5 Rh4 58. Kc3 Kg7 59. Kd4 Rh1 60. Rxe4 h5 61. Ke5 Kg6 62. Rd4 h4 63. Rd6+ Kg7 64. Kf5 h3 65. Rd7+ Kf8 66. Bf4 Rf1 67. Bg3 h2 68. Bxh2 Rxf2+ 69. Ke6 Rxh2 70. Rd8+ Kg7 71. Rd4 Re2+ 72.
Kf5 Rf2+ 73. Kg5 Rg2+ 74. Kf5 Rf2+ 75. Ke6 Re2+ 76. Kd7 Kf7 1/2-1/2

[Event "*** Titled Tuesday Blitz"]
[Site "Chess.com"]
[Date "2020.05.19"]
[Round "6"]
[White "AlexVanGog"]
[Black "mishikomchedlishvili"]
[Result "1-0"]
[WhiteElo "2714"]
[BlackElo "2841"]
[TimeControl "180+1"]
[EndTime "13:10:53 PDT"]
[Termination "AlexVanGog won by resignation"]

1. Nf3 d6 2. d4 g6 3. c4 Bg7 4.
g3 e5 5. dxe5 dxe5 6. Qxd8+ Kxd8 7. Nc3 c6 8. Bg2 f6 9. b3 Kc7 10. Ba3 Nh6 11. O-O-O Bf8 12. Bxf8 Rxf8 13. c5 Na6 14.
Ne4 Bf5 15. Nfd2 Rae8 16. a3 Re7 17. b4 Bxe4 18. Nxe4 f5 19. Nc3 Ng4 20. Rdf1 Nb8 21. h3 Nf6 22. Rd1 e4 23. e3 Nbd7 24. Bf1 Ne5 25.
Be2 h5 26. Kc2 h4 27. Rdg1 hxg3 28. fxg3 Rh7 29. g4 fxg4 30. hxg4 Rxh1 31. Rxh1 Nfxg4 32. Bxg4 Nxg4 33. Rh7+ Kb8 34. Nxe4 Nxe3+ 35. Kd3 Nf5 36. a4 Rd8+ 37. Kc3 a6 38. Rf7 Re8 39. Kd3 Rd8+ 40. Kc3 Re8 41. Kd3 Re7 42. Rf8+ Kc7 43. Nf6 Re3+ 44.
Kd2 Rb3 45. Rf7+ Kc8 46. Rf8+ Kc7 47. Rf7+ Kc8 48. Nd7 Rxb4 49. Nb6+ Kd8 50. Rxb7 g5 51. Rd7+ Ke8 52. Rc7 g4 53. Rxc6 g3 54. Rg6 Kf7 55.
Rg5 Kf6 56. Rg8 Rd4+ 57. Kc3 Kf7 58. Rxg3 Rxa4 59. Rg5 Rf4 60. Nd5 Rf3+ 61. Kc4 Ke6 62. Rg6+ Ke5 63. Nb6 Rf1 64. Nd7+ Kf4 65. c6 Rc1+ 66. Kd5 Ne3+ 67. Kd6 Nc4+ 68. Kc7 a5 69. Kb8 a4 70. c7 Na5 71. c8=Q Rxc8+ 72. Kxc8 a3 73. Ra6 Nc4 74. Nb6 1-0

[Event "*** Titled Tuesday Blitz"]
[Site "Chess.com"]
[Date "2020.05.19"]
[Round "6"]
[White "MathiasWomacka"]
[Black "petrkostenko"]
[Result "0-1"]
[WhiteElo "2373"]
[BlackElo "2544"]
[TimeControl "180+1"]
[EndTime "13:10:53 PDT"]
[Termination "petrkostenko won on time"]

1. e4 e6 2. d4 d5 3. Nd2 Nf6 4. e5 Nfd7 5. Bd3 c5 6. c3 Nc6 7. Ne2 cxd4 8. cxd4 f6 9. exf6 Qxf6 10. Nf3 h6 11. O-O Bd6 12. Be3 O-O 13. Rc1 Rd8 14.
Qd2 Nf8 15. Bf4 Bxf4 16. Nxf4 Bd7 17. Qe3 Be8 18. Rfe1 Bf7 19. Bb5 g5 20. Nd3 Ne7 21. Rc7 Nf5 22. Qe5 Qg6 23. Rxb7 Nd6 24. Nc5 Nxb7 25.
Nxb7 Rdc8 26. Nc5 Rab8 27. Bd3 Qg7 28. Qxg7+ Kxg7 29. b3 Rb6 30. Ne5 Rb4 31. Ba6 Rc7 32. Rd1 Ng6 33. Nxg6 Kxg6 34. Bd3+ Kf6 35. Na6 Rbb7 36.
Nxc7 Rxc7 37. Kf1 Bg6 38. Ke2 g4 39. Bxg6 Kxg6 40. Kd2 Rf7 41. Ke3 Rc7 42. Rd2 h5 43. Kf4 Kf6 44. f3 Rg7 45. fxg4 Rxg4+ 46. Kf3 Re4 47. g3 Kf5 48. b4 Re1 49. a4 Rb1 50.
b5 Rb3+ 51. Ke2 Rb4 52. Kd3 Rxa4 53. Rf2+ Kg6 54. Kc3 Rc4+ 55. Kd3 Rb4 56. Ra2 Rxb5 57. Rxa7 Rb2 58. Re7 Kf6 59. Rh7 Rxh2 60. Ke3 Kg6 61. Re7 Kf6 62. Rf7+ Kxf7 0-1

[Event "*** Titled Tuesday Blitz"]
[Site "Chess.com"]
[Date "2020.05.19"]
[Round "6"]
[White "InitiatingASC"]
[Black "TudorAnton"]
[Result "1-0"]
[WhiteElo "2369"]
[BlackElo "2480"]
[TimeControl "180+1"]
[EndTime "13:10:53 PDT"]
[Termination "InitiatingASC won by resignation"]

1. Nf3 d5 2. b3 Nf6 3. Bb2 Bg4 4. e3 e6 5. Be2 Be7 6. O-O O-O 7. c4 c6 8. cxd5 exd5 9. d3 Nbd7 10. Nbd2 a5 11. a3 Re8 12. Qc2 Bf8 13. Rfe1 Bh5 14. Rac1 Nc5 15.
Qb1 Bg6 16. Bd4 Nfd7 17. b4 axb4 18. axb4 Ne6 19. Bc3 Be7 20. Qb2 Bf6 21. Ra1 Bxc3 22. Qxc3 Qf6 23. d4 Qe7 24. Nb3 h6 25. Nc5 Nexc5 26. bxc5 Qf6 27. Bd3 Bxd3 28. Qxd3 Rxa1 29. Rxa1 Nxc5 30. Qb1 Ne4 31. Qxb7 g5 32. Ra2 Kg7 33.
Rc2 c5 34. Qxd5 Qb6 35. Rc1 Nc3 36. Qc4 cxd4 37. Nxd4 Ne4 38. Nf5+ Kg6 39. Ng3 Nxg3 40. hxg3 Re5 41. Ra1 Re6 42. Qd3+ Kg7 43. Rd1 Qb2 44. Rd2 Qa1+ 45. Kh2 Qe5 46. Qd4 Qxd4 47. Rxd4 Ra6 48.
g4 Ra2 49. Kg3 Kg6 50. Kf3 f6 51. Rd6 Rb2 52. Rd5 Rc2 53. Kg3 Rb2 54. Rd6 Rc2 55.
e4 Rb2 56. e5 Kg7 57. Rxf6 Rb3+ 58. Rf3 Rb4 59. Re3 Kf7 60. Kf3 Rf4+ 61. Kg3 Ke6 62. f3 Ra4 63. Rb3 Kd5 64. Rb6 Kxe5 65. Rxh6 Ra5 66.
Rh8 Kf6 67. Rf8+ Kg6 68. Rf5 Ra3 69. Rc5 Rb3 70. Rc2 Ra3 71. Kf2 Rb3 72. Rd2 Ra3 73. Ke2 Kf6 74. g3 Rb3 75. Rd3 Rb2+ 76. Rd2 Rb3 77. Kf2 Ra3 78. Re2 Rb3 79. f4 Ra3 80. Re3 Ra2+ 81. Kf3 Ra5 82. f5 Ra4 83. Re6+ Kf7 84. Rg6 Ra3+ 85. Kg2 Ra2+ 86. Kh3 1-0

[Event "*** Titled Tuesday Blitz"]
[Site "Chess.com"]
[Date "2020.05.19"]
[Round "6"]
[White "Ranindu2003"]
[Black "viktorskliarov"]
[Result "0-1"]
[WhiteElo "2456"]
[BlackElo "2586"]
[TimeControl "180+1"]
[EndTime "13:11:02 PDT"]
[Termination "viktorskliarov won by checkmate"]

1. e4 c5 2. Nf3 Nc6 3. Bb5 e6 4. O-O Nge7 5. d4 cxd4 6. Nxd4 a6 7. Be2 Nxd4 8. Qxd4 Nc6 9. Qc3 b5 10. Rd1 Qc7 11. a3 Bb7 12. Be3 Bd6 13. h3 Bh2+ 14. Kh1 Be5 15. Qb3 Na5 16. Qb4 Nc4 17. Bxc4 Qxc4 18.
Qxc4 bxc4 19. Nd2 Rc8 20. c3 h6 21. f4 Bb8 22. Bd4 f6 23. Re1 Ke7 24. e5 f5 25.
Nf3 g5 26. Kg1 Rcg8 27. Kf2 gxf4 28. Bc5+ Ke8 29. Rad1 Rg3 30. Nh4 Rhg8 31. Rg1 Rd3 32. Bd4 Be4 33. Rxd3 cxd3 34. Nf3 Kf7 35. Rd1 Bc7 36.
Ne1 a5 37. Nf3 a4 38. Bc5 Rb8 39. Bb4 Rb5 40. Rd2 Bb6+ 41. Kf1 Rd5 42. c4 Bxf3 43. cxd5 Bxd5 44. Ke1 Bc4 45. Bc3 Be3 46. Rd1 Ke8 47.
Bd2 Bd4 48. Bxf4 Bxb2 49. Bd2 Bxe5 50. Bxh6 Bc3+ 51. Bd2 Be5 52. Kf2 Bd6 53. h4 Bxa3 54. g3 Bb2 55. h5 a3 56. Bc1 Bd4+ 57. Be3 Bf6 58. h6 a2 59. h7 a1=Q 60. Rxa1 Bxa1 61. Bd2 Bh8 62. Ke3 Kf7 63. Bc3 Bxc3 64. h8=Q Bxh8 65. Kd2 Kg6 66. g4 Kg5 67. Ke3 Kxg4 68. Kd2 Kf4 69. Kd1 Ke4 70. Kd2 Kd4 71. Kd1 Be5 72. Kd2 Bd6 73. Kd1 e5 74. Kc1 e4 75.
Kd1 f4 76. Ke1 f3 77. Kd1 e3 78. Ke1 Kc3 79. Kd1 f2 80. Kc1 f1=Q# 0-1

[Event "*** Titled Tuesday Blitz"]
[Site "Chess.com"]
[Date "2020.05.19"]
[Round "6"]
[White "IngOscarArdila"]
[Black "Chuchofrio1"]
[Result "1/2-1/2"]
[WhiteElo "2044"]
[BlackElo "2250"]
[TimeControl "180+1"]
[EndTime "13:11:02 PDT"]
[Termination "Game drawn by stalemate"]

1. d4 d5 2. Nf3 Nf6 3. g3 e6 4. Bg2 b5 5. O-O Bb7 6. c3 Bd6 7. Re1 O-O 8. Bg5 Nbd7 9. Nbd2 h6 10. Bxf6 Qxf6 11. e3 c5 12. Nb3 c4 13. Nbd2 a5 14. e4 Qe7 15. e5 Bc7 16. a3 Rfb8 17. Nf1 b4 18. axb4 axb4 19. Qc2 Rxa1 20. Rxa1 bxc3 21.
bxc3 Ra8 22. Rxa8+ Bxa8 23. Qa4 Qd8 24. Ne3 Nb6 25.
Qa6 Qc8 26. Qa7 Qb8 27. Qa3 Bc6 28. Nd2 Qa8 29. Qc5 Na4 30. Qe7 Qb7 31. Nd1 Ba5 32. Qa3 Qa6 33. f4 Bb6 34. Kf1 Qa7 35. Nb2 Nxb2 36.
Qxb2 Ba5 37. Ke2 Qb6 38. Qc2 Bb5 39. f5 Bd7 40. Bh3 Qc7 41. Nf3 exf5 42. Bxf5 Bxf5 43.
Qxf5 Bxc3 44. e6 fxe6 45. Qxe6+ Qf7 46. Qc8+ Kh7 47. Ne5 Qf6 48. Qd7 Bxd4 49. Nf3 Be5 50. Qxd5 c3 51. Qe4+ Qg6 52. Qxg6+ Kxg6 53. Nxe5+ Kf6 54.
Nd3 Ke6 55. Kd1 Kd5 56. Kc2 Kd4 57. Nc1 Kc4 58. Ne2 g6 59. Nxc3 h5 60. Kd2 g5 61.
Ne2 Kd5 62. Ke3 Ke5 63. Kf3 Kf5 64. Nd4+ Kg6 65. Ke4 h4 66. g4 Kh6 67. Kf5 Kh7 68. Kxg5 Kg7 69. Kxh4 Kh7 70. Kg5 Kg7 71. h4 Kh7 72. h5 Kg7 73. h6+ Kh7 74. Kh5 Kh8 75.
g5 Kh7 76. g6+ Kh8 77. h7 Kg7 78. Nf5+ Kh8 79. Ng3 Kg7 80. Kg5 Kh8 81. Kf5 Kg7 82.
Ke6 Kh8 83. Ke7 Kg7 84. Nf5+ Kh8 85. g7+ Kxh7 86. Kf7 1/2-1/2

[Event "*** Titled Tuesday Blitz"]
[Site "Chess.com"]
[Date "2020.05.19"]
[Round "6"]
[White "Munkhzul_Turmunkh"]
[Black "A-Fier"]
[Result "1/2-1/2"]
[WhiteElo "2510"]
[BlackElo "2738"]
[TimeControl "180+1"]
[EndTime "13:11:07 PDT"]
[Termination "Game drawn by stalemate"]

1. e4 c5 2. Nf3 e6 3. d4 cxd4 4. Nxd4 Nf6 5. Nc3 d6 6. g4 h6 7.
h4 Nc6 8. Rg1 h5 9. gxh5 Nxh5 10. Bg5 Nf6 11. Qd2 Qb6 12. O-O-O Qxd4 13. Qxd4 Nxd4 14.
Rxd4 a6 15. f4 Bd7 16. e5 Nh7 17. h5 dxe5 18. fxe5 Bc5 19. Be3 Bxd4 20. Bxd4 Nf8 21. Ne4 Rxh5 22. Nd6+ Ke7 23. Be2 Rh7 24. Bc5 Bc6 25.
Bd3 g6 26. Ne4+ Kd7 27. Nf6+ Kc7 28. Bxf8 Rh1 29. Bd6+ Kb6 30. Nd7+ Ka7 31. Rxh1 Bxh1 32. Bc5+ b6 33. Nxb6 Rh8 34. Nd7+ Kb7 35. Bd6 a5 36.
Nc5+ Kc6 37. a4 g5 38. Bb5+ Kb6 39. Nd7+ Kb7 40. Nf6 Bf3 41. b4 g4 42. Nxg4 Bxg4 43. bxa5 Bf3 44. a6+ Kb6 45. Kb2 Rh2 46. Kb3 Bd1 47.
Bd3 Rh3 48. Kc3 Rh4 49. a5+ Kxa5 50. a7 Bf3 51. Bb8 Kb6 52. Kb3 Kb7 53. c4 Ka8 54.
Kc3 Bc6 55. c5 Rf4 56. Bc4 Re4 57. Kd3 Rf4 58. Kc3 Rf3+ 59. Kd4 Rf2 60. Kc3 Rh2 61. Kd4 Rh6 62. Kc3 f5 63. exf6 Rxf6 64. Kd4 Rh6 65. Ke5 Rh5+ 66. Kd6 Bd5 67. Bb5 Rh8 68. c6 Rd8+ 69. Kc5 Rc8 70. Kb6 Bh1 71. c7 e5 72. Bd7 Bb7 73. Bxc8 Bxc8 74. Kc5 e4 75. Kd4 Bf5 76. Ke3 Kb7 77. Kf4 Bc8 78. Kxe4 Ka8 79. Ke5 Bb7 80. Kd6 Bc8 81. Ke7 Bb7 82. Kd8 Ba6 83.
c8=Q Bxc8 84. Kxc8 1/2-1/2

[Event "*** Titled Tuesday Blitz"]
[Site "Chess.com"]
[Date "2020.05.19"]
[Round "6"]
[White "Savva09022009"]
[Black "Vuk2000"]
[Result "0-1"]
[WhiteElo "2419"]
[BlackElo "2614"]
[TimeControl "180+1"]
[EndTime "13:11:14 PDT"]
[Termination "Vuk2000 won by resignation"]

1. d4 e6 2. Nc3 d5 3. Bf4 Bd6 4. e3 Bxf4 5. exf4 Qd6 6. Qd2 Nf6 7. Nf3 b6 8. Be2 c5 9. O-O O-O 10. Ne5 a6 11. Bf3 Nc6 12. Ne2 Bb7 13. c3 Rac8 14. Ng3 b5 15. Rfe1 cxd4 16. cxd4 Qb4 17. Qxb4 Nxb4 18.
Rec1 Nc2 19. Rab1 Nxd4 20. Bd1 b4 21. Ne2 Nb5 22. Ba4 Nd6 23. Nd4 Nfe4 24. Nd7 Rfd8 25.
Nb6 Rxc1+ 26. Rxc1 g5 27. fxg5 e5 28. Nf3 d4 29.
Nxe5 Nxg5 30. Nbd7 Kg7 31. Nc5 Bc8 32. Ncd3 a5 33.
Nc6 Re8 34. Nxd4 Re4 35. Nb3 Ne6 36. Nxa5 Rd4 37. Ne5 Rd2 38. Nac4 Nxc4 39. Nxc4 Rd4 40. Bb3 Nc5 41. h3 Be6 42. Na5 Nxb3 43. axb3 Rd2 44. Rc5 Rxb2 45. Rb5 Ra2 46. Nc6 Bxb3 47. Rxb4 Bd5 48. Ne5 Ra1+ 49. Kh2 Rf1 50. f4 Rf2 51. Kg1 Rxg2+ 52. Kf1 Ra2 53. Rd4 Bg2+ 54. Kg1 Bxh3 55.
Rd3 Be6 56. Rg3+ Kf6 57. Rg2 Ra4 58. Rh2 Ra1+ 59. Kf2 Ra2+ 60. Kg3 Ra3+ 61. Kf2 Kg7 62. Rg2+ Kh8 63. Rg5 h6 64. Rh5 Kg7 65. Rh4 Ra2+ 66. Ke3 Ra3+ 67. Ke4 Ra4+ 68. Ke3 Bf5 69. Rh5 Ra3+ 70.
Kf2 Be6 71. Ke2 f6 72. Nf3 Bc4+ 73. Kf2 Ra2+ 74. Kg3 Ra3 75. Kf2 Bf7 76. Rh3 h5 77. Rg3+ Kf8 78. Nh4 Ra2+ 79. Ke1 Ra4 80. Ng6+ Bxg6 81.
Rxg6 Kf7 82. Rh6 Ra5 83. Kf2 Kg7 0-1

[Event "*** Titled Tuesday Blitz"]
[Site "Chess.com"]
[Date "2020.05.19"]
[Round "6"]
[White "Prostochendir"]
[Black "PauloFanha"]
[Result "1/2-1/2"]
[WhiteElo "2164"]
[BlackElo "1958"]
[TimeControl "180+1"]
[EndTime "13:11:14 PDT"]
[Termination "Game drawn - insufficient material"]

1. e4 d5 2. exd5 Qxd5 3. Nc3 Qd6 4. d4 Nf6 5. Bc4 c6 6. Nge2 Bf5 7. Bf4 Qd8 8. O-O e6 9. Qd2 Bd6 10. Ng3 Bg6 11. Rad1 O-O 12. Bg5 Nbd7 13. Qe2 Qc7 14. a4 Nd5 15. Nce4 Bxe4 16. Qxe4 N7f6 17. Qe2 Bf4 18.
Bxf4 Qxf4 19. Bd3 Qh4 20. Qf3 Nf4 21. Rfe1 Nxd3 22. Rxd3 Rad8 23. Red1 Rd5 24. Ne2 Rh5 25. Qg3 Qxg3 26. hxg3 Rd5 27. Nf4 Rd7 28. a5 Rfd8 29. Kf1 b6 30. axb6 axb6 31. Ne2 g6 32. f3 Kg7 33. Kf2 Nd5 34. c3 Nc7 35. c4 c5 36.
Ke3 cxd4+ 37. Rxd4 Rxd4 38. Rxd4 Rxd4 39. Kxd4 Kf6 40.
c5 e5+ 41. Kc4 b5+ 42. Kb4 Ke6 43. Nc3 f5 44. Nxb5 Nd5+ 45. Kc4 Ne3+ 46. Kd3 Nxg2 47. Nc3 Ne1+ 48. Ke2 Nc2 49. Kd2 Nd4 50. Ke3 h5 51.
f4 Nc6 52. fxe5 Nxe5 53. Nb1 g5 54. b4 h4 55. gxh4 gxh4 56. Nd2 h3 57. Nf1 f4+ 58. Kxf4 Nd3+ 59. Kg3 Nxb4 60. Kxh3 Kd5 61. Ne3+ Kxc5 1/2-1/2

[Event "*** Titled Tuesday Blitz"]
[Site "Chess.com"]
[Date "2020.05.19"]
[Round "6"]
[White "okriak"]
[Black "1g41-0"]
[Result "1/2-1/2"]
[WhiteElo "2750"]
[BlackElo "2531"]
[TimeControl "180+1"]
[EndTime "13:11:15 PDT"]
[Termination "Game drawn - insufficient material"]

1. Nf3 Nf6 2. c4 g6 3. Nc3 c6 4.
d4 d5 5. e3 Bg7 6. Be2 O-O 7.
O-O a6 8. a4 dxc4 9. Bxc4 a5 10. h3 Na6 11. e4 Nb4 12. Qe2 Nd7 13. Rd1 Qc7 14. e5 Nb6 15. Bb3 Bf5 16. Bg5 Qd7 17.
e6 Bxe6 18. Bxe6 Qxe6 19. Qxe6 fxe6 20. Bxe7 Rfe8 21. Bc5 N6d5 22. Ne4 Rad8 23. Rac1 Nf4 24. Kf1 Nfd3 25. Rb1 Nxc5 26. dxc5 Nd3 27. b3 Rd5 28.
Rd2 Red8 29. Rbd1 Kf8 30. Ne1 Nxe1 31. Kxe1 Bh6 32. Rxd5 exd5 33. Nd6 Rd7 34. Nc8 Kf7 35. Rd3 Bf8 36. Rc3 Rd8 37. Nb6 Re8+ 38. Kd2 Bh6+ 39.
Kd1 Bg7 40. Rf3+ Kg8 41. Rf4 Be5 42. Rg4 Kg7 43. f4 Bd4 44. f5 Bxc5 45. Nd7 Be7 46. fxg6 hxg6 47. Ne5 g5 48. Nf3 Kh6 49. Kd2 Bb4+ 50. Kd3 Be7 51. g3 Bf6 52. h4 gxh4 53.
Nxh4 Bxh4 54. gxh4 Re1 55. Kd2 Rb1 56. Kc2 Rh1 57. Kc3 Kh5 58. Rg7 Rh3+ 59. Kc2 Kxh4 60.
Rxb7 Kg4 61. Rc7 Rh6 62. Ra7 Kf4 63. Rxa5 Ke4 64. Ra8 Kd4 65. Rg8 Rh2+ 66. Kd1 Kc3 67. Rg3+ Kb4 68. Kc1 c5 69. Rf3 d4 70. Rg3 Re2 71.
Rf3 Ra2 72. Rg3 Ra1+ 73. Kb2 Rh1 74. Kc2 Rh2+ 75. Kc1 c4 76. bxc4 Kxc4 77. Kd1 d3 78. Rg8 Ra2 79. Rc8+ Kd4 80. Rd8+ Ke3 81. Re8+ Kf4 82.
Rd8 Rxa4 83. Rxd3 Ke4 84. Rh3 Rd4+ 85. Ke2 Ke5 86. Rh5+ Ke6 87. Ke3 Ra4 88. Rg5 Ra3+ 89. Kf4 Ra4+ 90. Kf3 Ra3+ 91. Kg4 Ra4+ 92. Kh5 Re4 93.
Kg6 Re5 94. Rxe5+ Kxe5 1/2-1/2